 Dungeon Crawl Stone Soup version 0.26-a0-259-g1effd001a9 (webtiles) character file.

Game seed: 4505935937755991531

4572 Goblin1989 the Nimble (level 10, -1/68 HPs)
             Began as an Octopode Wanderer on July 21, 2020.
             Was an Initiate of Wu Jian.
             Slain by a manticore (6 damage)
             ... on level 8 of the Dungeon.
             The game lasted 00:23:17 (11381 turns).

Goblin1989 the Nimble (Octopode Wanderer)          Turns: 11381, Time: 00:23:17

Health: -1/68      AC:  1    Str: 15      XL:     10   Next: 41%
Magic:  10/10      EV: 16    Int: 15 (16) God:    Wu Jian [......]
Gold:   337        SH:  9    Dex:  9 (10) Spells: 8/9 levels left

rFire    + . .     SeeInvis .     - Unarmed
rCold    . . .     Faith    .   i - +0 kite shield
rNeg     . . .     Spirit   .   (helmet restricted)
rPois    +         Reflect  .   (no amulet)
rElec    .         Harm     .   o - ring of poison resistance
rCorr    .                      (no ring)
MR       .....                  (no ring)
Stlth    ++++......             (no ring)
HPRegen  0.21/turn              (no ring)
MPRegen  0.12/turn              (no ring)
                                (no ring)
                                (no ring)

@: no status effects
A: almost no armour, stealthy swim, amphibious, 8 rings, constrict 8, camouflage
1, blink, deterioration 1, fire resistance 1, gelatinous body 1
a: Blink, Renounce Religion


You were on level 8 of the Dungeon.
You worshipped Wu Jian.
Wu Jian was noncommittal.
You were not hungry.

You visited 2 branches of the dungeon, and saw 9 of its levels.

You collected 337 gold pieces.

Inventory:

Hand Weapons
 a - a +2 shortbow
 f - a +0 dagger
 t - a +0 dagger of venom
 V - the +6 hunting sling of Immorality {vorpal, +Blink Str+4}
   (You found it on level 5 of the Dungeon)

   Any stone fired from it inflicts extra damage.
   It affects your strength (+4).
   It lets you blink.
Missiles
 b - 74 arrows
 j - 2 javelins (quivered) {@Q2}
 M - 4 datura-tipped darts
 S - 18 sling bullets
 T - 123 stones {@Q3}
 Z - 3 throwing nets {!d , @Q1}
Armour
 i - a +0 kite shield (worn)
Jewellery
 o - a ring of poison resistance (left tentacle)
Wands
 N - a wand of flame (22) {@v6}
 O - a wand of digging (5) {@v1}
 U - a wand of disintegration (12)
 W - a wand of iceblast (7) {@v4}
Scrolls
 k - 3 scrolls of remove curse {unknown}
 n - 6 scrolls of identify {unknown}
 q - 3 scrolls of fog {unknown}
 s - 3 scrolls of teleportation {unknown}
 v - a scroll of random uselessness {unknown}
 P - a scroll of amnesia {unknown}
 X - a scroll of magic mapping {unknown}
Potions
 d - 2 potions of lignification
 g - a potion of cancellation {unknown}
 h - 5 potions of curing {@q1}
 l - 2 potions of flight {unknown}
 m - a potion of invisibility {unknown}
 p - 3 potions of ambrosia {unknown}
 r - 2 potions of mutation {!q}
 u - a potion of degeneration {unknown}
 w - 5 potions of haste {@q3,}
 Q - a potion of berserk rage {unknown}
 R - a potion of heal wounds {unknown}
 Y - 3 potions of stabbing {unknown}
Comestibles
 e - 22 rations


   Skills:
 + Level 6.0 Fighting
 - Level 3.0 Bows
 * Level 10.4 Dodging
 - Level 5.0 Stealth
 + Level 5.4 Shields
 + Level 6.1 Unarmed Combat
   Level 3.0 Fire Magic


You had 8 spell levels left.
You knew the following spells:

 Your Spells              Type           Power        Failure   Level
a - Sandblast             Erth           #.....       67%         1

Your spell library contained the following spells:

 Spells                   Type           Power        Failure   Level
 Beastly Appendage        Tmut           #.....       67%         1
 Sticks to Snakes         Tmut           #.......     80%         2
 Spider Form              Tmut/Pois      #.........   95%         3
 Stone Arrow              Conj/Erth      #.....       95%         3
 Ice Form                 Ice/Tmut       #.......     100%        4
 Blade Hands              Tmut           #.........   100%        5


Dungeon Overview and Level Annotations

Branches:
Dungeon (8/15)             Temple (1/1) D:7
   Lair: D:8-11

Altars:
Ashenzari
Cheibriados
Dithmenos
Elyvilon
Fedhas
Gozag
Hepliaklqana
Makhleb
Nemelex Xobeh
Okawaru
Qazlal
Sif Muna
Trog
Uskayaw
Vehumet
Wu Jian
Xom
Yredelemnul
Zin
The Shining One

Shops:
D:6 (

Annotations:
D:4 exclusion: downstairs
D:5 Duvessa


Innate Abilities, Weirdness & Mutations

You cannot wear most types of armour.
You are very stealthy in the water. (Stealth+)
You are amphibious.
You can wear up to eight rings at the same time.
You can use your tentacles to constrict eight enemies at once.
Your skin changes colour to match your surroundings (Stealth+).
Your rubbery body absorbs attacks. (AC +1, EV +1)
You can translocate small distances at will.
Your body sometimes deteriorates upon taking damage.
Your flesh is heat resistant. (rF+)


Message History

You feel stronger.
V - the +6 hunting sling of Immorality (weapon)
{vorpal, +Blink Str+4} Firing (i - inventory. (/) - cycle)
S - 26 sling bullets (quivered)
Press: ? - help, Shift-Dir - straight line, f - you
Okay, then.
Firing (i - inventory. (/) - cycle)
S - 26 sling bullets (quivered)
Press: ? - help, Shift-Dir - straight line, f - manticore
Aim: a manticore (asleep)
You shoot a sling bullet. The sling bullet hits the manticore.
The manticore is lightly wounded.
Firing (i - inventory. (/) - cycle)
S - 25 sling bullets (quivered)
Press: ? - help, Shift-Dir - straight line, f/p - manticore
Aim: a manticore (lightly wounded)
You shoot a sling bullet. The sling bullet hits the manticore!
The manticore is moderately wounded.
Firing (i - inventory. (/) - cycle)
S - 24 sling bullets (quivered)
Press: ? - help, Shift-Dir - straight line, f/p - manticore
Aim: a manticore (moderately wounded)
You shoot a sling bullet.
The sling bullet barely misses the manticore.
The manticore flicks its tail.
You block the volley of spikes.
Firing (i - inventory. (/) - cycle)
S - 23 sling bullets (quivered)
Press: ? - help, Shift-Dir - straight line, f/p - manticore
Aim: a manticore (moderately wounded)
You shoot a sling bullet.
The sling bullet barely misses the manticore.
The manticore flicks its tail.
The volley of spikes hits you.
The barbed spikes become lodged in your body.
You take 6 damage, and have 62/68 hp.
Firing (i - inventory. (/) - cycle)
S - 22 sling bullets (quivered)
Press: ? - help, Shift-Dir - straight line, f/p - manticore
Aim: a manticore (moderately wounded)
You shoot a sling bullet.
The sling bullet closely misses the manticore.
The manticore flicks its tail.
The volley of spikes hits you!!
The barbed spikes become lodged in your body.
You take 20 damage, and have 42/68 hp.
MASSIVE DAMAGE!!
Firing (i - inventory. (/) - cycle)
S - 21 sling bullets (quivered)
Press: ? - help, Shift-Dir - straight line, f/p - manticore
Aim: a manticore (moderately wounded)
You shoot a sling bullet.
The sling bullet barely misses the manticore.
The manticore flicks its tail.
The volley of spikes hits you.
The barbed spikes become lodged in your body.
You take 2 damage, and have 40/68 hp.
Firing (i - inventory. (/) - cycle)
S - 20 sling bullets (quivered)
Press: ? - help, Shift-Dir - straight line, f/p - manticore
Aim: a manticore (moderately wounded)
You shoot a sling bullet.
The sling bullet hits the manticore but does no damage.
The manticore is moderately wounded.
Firing (i - inventory. (/) - cycle)
S - 19 sling bullets (quivered)
Press: ? - help, Shift-Dir - straight line, f/p - manticore
Aim: a manticore (moderately wounded)
You shoot a sling bullet. The sling bullet hits the manticore.
The manticore is heavily wounded.
You are now empty-tentacled.
Your shield prevents you from hitting the manticore.
The manticore is heavily wounded.
The manticore misses you. You block the manticore's attack. x2
You tentacle-slap the manticore but do no damage.
The manticore is heavily wounded.
The manticore misses you. The manticore barely misses you.
The manticore closely misses you.
You tentacle-slap the manticore.
The manticore is heavily wounded.
The manticore completely misses you. You block the manticore's attack.
The manticore misses you.
You tentacle-slap the manticore but do no damage.
The manticore is heavily wounded.
The manticore completely misses you. The manticore misses you.
The manticore claws you.
You take 3 damage, and have 38/68 hp.
You tentacle-slap the manticore but do no damage.
The manticore is moderately wounded.
You block the manticore's attack. The manticore closely misses you.
The manticore claws you but does no damage.
You barely miss the manticore.
The manticore is moderately wounded.
The manticore bites you!!
* * * LOW HITPOINT WARNING * * *
The manticore closely misses you. x2
You take 25 damage, and have 13/68 hp.
MASSIVE DAMAGE!!
You tentacle-slap the manticore.
The manticore is heavily wounded.
You block the manticore's attack. The manticore claws you.
* * * LOW HITPOINT WARNING * * *
The manticore closely misses you.
You take 2 damage, and have 11/68 hp.
You barely miss the manticore. Your squeeze misses the manticore.
The manticore is heavily wounded.
You carefully extract the barbed spikes from your body.
You block the manticore's attack. The manticore claws you.
* * * LOW HITPOINT WARNING * * *
The manticore claws you.
You die...

█.██..██.....█
█.██..█...█...█
████........█
██.█
██.....█....█
.█
██........██.█
█
█............█
█.........████
█.........█
..........@.█
.██.......H.█ .
██..)...(██
█(......($
█......>..█
.........█
.......(.█
...(..((.█


You could see a manticore.

Vanquished Creatures
  Harold (D:7)
  A two-headed ogre (D:8)
  Pikel (D:6)
  Sigmund (D:6)
  A water moccasin (D:5)
  Edmund (D:5)
  3 orc warriors
  An ice beast (D:5)
  A phantom (D:7)
  A black bear (D:8)
  2 ogres (D:6)
  2 centaurs (D:7)
  3 lemures (D:6)
  3 bullfrogs
  Dowan (D:5)
  2 scorpions
  3 killer bees (D:8)
  3 wights
  2 howler monkeys
  2 bullfrog zombies (D:6)
  2 jellies (D:7)
  4 orc priests
  6 orc wizards
  2 hounds
  Terence (D:3)
  2 iguanas
  3 worker ants
  A hound skeleton (D:4)
  A worker ant zombie (D:7)
  11 adders
  2 white imps
  2 ufetubi
  An ooze (D:1)
  An adder skeleton (D:6)
  4 worms
  A dart slug (D:1)
  6 leopard geckos
  16 orcs
  7 ball pythons (D:2)
  5 giant cockroaches
  9 goblins
  10 hobgoblins
  17 jackals
  8 bats
  6 frilled lizards
  A jackal skeleton (D:7)
  6 kobolds
  A leopard gecko skeleton (D:7)
  5 rats
176 creatures vanquished.

Notes
Turn   | Place    | Note
-------+----------+-------------------------------------------
     0 | D:1      | Goblin1989 the Octopode Wanderer began the quest for the
                  | Orb.
     0 | D:1      | Goblin1989 set off with the following items: a +2 shortbow,
                  | 23 arrows, a potion of lignification, 2 rations, a +0
                  | dagger; and the following spell memorised: Sandblast; and
                  | the following spells available to memorise: Stone Arrow
     0 | D:1      | Reached XP level 1. HP: 14/14 MP: 1/1
   128 | D:1      | Reached skill level 1 in Unarmed Combat
   280 | D:1      | Reached XP level 2. HP: 19/19 MP: 2/2
   372 | D:1      | Reached skill level 1 in Dodging
   486 | D:1      | Reached skill level 2 in Dodging
   486 | D:1      | Reached XP level 3. HP: 20/24 MP: 3/3
  1404 | D:2      | Reached skill level 3 in Dodging
  1404 | D:2      | Reached XP level 4. HP: 29/29 MP: 4/4
  1758 | D:2      | Reached XP level 5. HP: 34/34 MP: 5/5
  2213 | D:3      | Reached skill level 4 in Dodging
  2326 | D:3      | Found a faded altar of an unknown god.
  2591 | D:3      | Found a hide-covered altar of Uskayaw.
  2592 | D:3      | Found a bloodstained altar of Trog.
  2785 | D:3      | Noticed Terence
  2790 | D:3      | Killed Terence
  2904 | D:3      | Found a hazy altar of Hepliaklqana.
  2983 | D:3      | Reached XP level 6. HP: 38/39 MP: 6/6
  3141 | D:4      | Found a glowing golden altar of the Shining One.
  3372 | D:4      | Reached skill level 5 in Dodging
  4113 | D:4      | Found a burning altar of Makhleb.
  4124 | D:4      | Reached skill level 5 in Stealth
  4164 | D:5      | Entered Level 5 of the Dungeon
  4164 | D:5      | Noticed Duvessa
  4164 | D:5      | Noticed Dowan
  4588 | D:5      | Noticed a water moccasin
  4593 | D:5      | Killed a water moccasin
  4602 | D:5      | Reached XP level 7. HP: 37/45 MP: 7/7
  4734 | D:5      | Got a brightly glowing hunting sling
  4776 | D:5      | Reached skill level 6 in Dodging
  4782 | D:5      | Identified the +6 hunting sling of Immorality {vorpal,
                  | +Blink Str+4} (You found it on level 5 of the Dungeon)
  5701 | D:5      | Killed Dowan
  5835 | D:6      | Found Woaq's Weapon Emporium.
  6396 | D:5      | Noticed Edmund
  6404 | D:5      | Killed Edmund
  6404 | D:5      | Reached skill level 7 in Dodging
  6404 | D:5      | Reached skill level 1 in Shields
  6404 | D:5      | Reached XP level 8. HP: 36/51 MP: 8/8
  7768 | D:6      | Reached skill level 8 in Dodging
  7981 | D:6      | Noticed Sigmund
  8106 | D:6      | Killed Sigmund
  8296 | D:6      | Reached XP level 9. HP: 58/58 MP: 9/9
  8424 | D:6      | Noticed Pikel
  8460 | D:6      | Killed Pikel
  8716 | D:6      | Reached skill level 5 in Unarmed Combat
  8999 | D:6      | Reached skill level 9 in Dodging
  9277 | D:7      | Noticed Harold
  9303 | D:7      | Gained mutation: You are frail. (-10% HP) [potion of
                  | mutation]
  9303 | D:7      | Gained mutation: Your body sometimes deteriorates upon
                  | taking damage. [potion of mutation]
  9303 | D:7      | Gained mutation: You have an increased reservoir of magic.
                  | (+10% MP) [potion of mutation]
  9303 | D:7      | Gained mutation: Your flesh is heat resistant. (rF+)
                  | [potion of mutation]
  9305 | D:7      | Killed Harold
  9305 | D:7      | Reached skill level 5 in Fighting
  9325 | D:7      | Reached XP level 10. HP: 29/59 MP: 11/11
  9698 | D:7      | Found a staircase to the Ecumenical Temple.
  9706 | Temple   | Entered the Ecumenical Temple
  9778 | Temple   | Became a worshipper of the Wu Jian Council
  9827 | D:7      | Found a blossoming altar of Fedhas.
 10085 | D:8      | Noticed a two-headed ogre
 10098 | D:8      | Killed a two-headed ogre
 10098 | D:8      | Reached skill level 10 in Dodging
 10098 | D:8      | Reached skill level 5 in Shields
 10636 | D:7      | Lost mutation: You are frail. (-10% HP) [potion of
                  | mutation]
 10636 | D:7      | Lost mutation: You have an increased reservoir of magic.
                  | (+10% MP) [potion of mutation]
 10636 | D:7      | Gained mutation: You can translocate small distances at
                  | will. [potion of mutation]
 10636 | D:7      | Gained mutation: You are clumsy. (Dex -2) [potion of
                  | mutation]
 10636 | D:7      | Lost mutation: You are clumsy. (Dex -2) [potion of
                  | mutation]
 11363 | D:8      | Noticed a manticore
 11381 | D:8      | Slain by a manticore

Illustrated notes

Levels and vault maps discovered:
D:1:      minmay_arrival_stone_box, layout_basic, serial_aquarium,
          aquarium_bridge_square [aquarium_subvault_bridge,
          aquarium_subvault_window, aquarium_subvault_bridge,
          aquarium_subvault_balcony], aquarium_bridge_square
          [aquarium_subvault_bridge, aquarium_subvault_window,
          aquarium_subvault_window, aquarium_subvault_bridge],
          aquarium_window_2, aquarium_window_fake, aquarium_window_3,
          aquarium_view_2d, minmay_vboxes
D:2:      layout_basic, first_ration, minmay_snake_closets
D:3:      layout_loops_ring, gammafunk_temple_overflow_pools,
          lemuel_crystal_altar, chequers_ecumenical_altar_simple,
          chequers_serial_rivers_large_a, serial_bayou_pond_c, uniq_terence
D:4:      layout_basic, kennysheep_little_box, old_standard_altar
D:5:      layout_basic, uniq_edmund, uniq_crazy_yiuf_cottage, uniq_duvessa
D:6:      layout_loops_ring, serial_shops,
          nicolae_shop_temple_entry_statues_fountains, uniq_sigmund, uniq_pikel
D:7:      layout_cave_pools, lemuel_crystal_altar,
          minmay_temple_entry_butterflies, uniq_harold
D:8:      layout_rooms, nicolae_ru_great_annihilating_truth
Temple:   nicolae_temple_great_sept

Skill      XL: |  1  2  3  4  5  6  7  8  9 10 |
---------------+-------------------------------+-----
Unarmed Combat | 1 2 3 4 5 6 |  6.1
Dodging        | 2 3 4 5 7 8 9 10 | 10.4
Stealth        | 3 4 5 |  5.0
Shields        | 1 3 4 5 |  5.4
Fighting       | 3 5 6 |  6.0
Bows           | |  3.0
Fire Magic     | |  3.0

Action                   |  1- 3 |  4- 6 |  7- 9 | 10-12 || total
-------------------------+-------+-------+-------+-------++-------
Melee: Unarmed           |       |     9 |    68 |    69 ||   146
       Tentacles         |       |     4 |    13 |     6 ||    23
       Dagger            |       |     3 |    36 |       ||    39
       Constrict         |       |     3 |    10 |     9 ||    22
       Punch             |       |       |     1 |     1 ||     2
 Fire: Shortbow          |    90 |   176 |    15 |       ||   281
       Hunting sling     |       |       |   152 |    45 ||   197
Throw: Javelin           |       |       |     3 |       ||     3
Invok: Lunge             |       |       |       |     3 ||     3
Evoke: Wand              |       |       |     7 |     2 ||     9
  Use: Potion            |       |       |     5 |     1 ||     6
 Stab: Sleeping          |       |       |     1 |       ||     1
  Eat: Ration            |     1 |     3 |     4 |     2 ||    10
Armor: Skin              |     2 |     2 |    41 |     4 ||    49
Dodge: Dodged            |     7 |    75 |   112 |    59 ||   253
Block: Kite shield       |       |       |    78 |    50 ||   128

Table legend:
 A = Non-vault XP
 B = Vault XP
 C = Vault XP percentage of total XP
 D = Non-vault monster count
 E = Vault monster count
 F = Vault count percentage of total count
                 A         B        C        D         E       F
            +---------+---------+-------+---------+---------+-------
      Total |    4379 |    2153 |  33.0 |     155 |      18 |  10.4
            +---------+---------+-------+---------+---------+-------
        D:1 |      40 |       7 |  14.9 |      20 |       3 |  13.0
        D:2 |      80 |      61 |  43.3 |      26 |       9 |  25.7
        D:3 |      98 |      36 |  26.9 |      24 |       1 |   4.0
        D:4 |     110 |       0 |   0.0 |       7 |       0 |   0.0
        D:5 |     897 |     215 |  19.3 |      24 |       2 |   7.7
        D:6 |     871 |     864 |  49.8 |      19 |       2 |   9.5
        D:7 |     601 |     970 |  61.7 |      18 |       1 |   5.3
        D:8 |    1682 |       0 |   0.0 |      17 |       0 |   0.0
            +---------+---------+-------+---------+---------+-------
